Map: King Sejong Station LE

Players

Roxie - Winner!

  • Race: Terran Terran
  • League: Diamond

Nickos

  • Race: Terran Terran
  • League: Gold

VOD

Have the link to the VOD?

Description

Time

  • Played on: Oct. 2, 2016, 10:12 p.m.
  • Length: 10:08
Show
View Real Time Build Order
Export as new Build Order

Roxie Terran - Winner!

Build Orders: MMM Bio 

Get SALT Encoding   

  12  0:01  SCV  
  13  0:14  SCV  
  14  0:19  Supply Depot  
  14  0:26  SCV  
  15  0:29  Refinery  
  15  0:41  SCV  
  16  0:47  Barracks  
  16  0:54  SCV  
  17  1:01  Refinery  
  17  1:06  SCV  
  18  1:17  Barracks  
  18  1:22  SCV  
  19  1:35  Supply Depot  
  19  1:37  Reaper  
  20  1:41  SCV  
  21  1:56  Orbital Command  
  21  2:13  Factory  
  21  2:15  Reaper  
  21  2:21  Reaper  
  23  2:24  SCV  
  24  2:36  Supply Depot  
  24  2:38  SCV  
  25  2:48  Reaper  
  26  2:54  Reaper  
  27  3:08  Factory Reactor  
  27  3:20  Reaper  
  28  3:28  Command Center  
  28  3:53  Reaper  
  28  3:55  Hellion x2  
  28  4:05  Barracks Tech Lab  
  28  4:10  Starport  
  30  4:17  Hellion x2  
  32  4:29  Barracks Reactor  
  32  4:30  Stimpack  
  31  4:36  SCV  
  32  4:48  Widow Mine x2  
  32  4:52  Orbital Command  
  36  4:53  Supply Depot  
  36  4:54  Starport Reactor  
  36  4:57  Marauder  
  36  4:58  Barracks  
  38  5:06  Marine x2  
  40  5:18  Marine  
  41  5:28  Marine x2  
  36  5:46  SCV x2  
  36  5:50  Marine  
  36  5:51  Barracks Reactor  
  36  5:52  Marine, Marauder  
  36  5:54  Medivac  
  36  5:55  Medivac  
  44  5:57  Widow Mine  
  44  5:58  Widow Mine  
  44  6:02  Supply Depot  
  48  6:04  SCV x2  
  48  6:05  Refinery  
  48  6:07  Marine  
  51  6:14  Engineering Bay  
  51  6:15  Marine x2  
  51  6:16  SCV  
  54  6:24  SCV  
  54  6:33  Marauder  
  55  6:46  SCV x2  
  57  6:47  Marine x2  
  57  6:49  Widow Mine x2  
  57  6:52  Medivac x2  
  67  6:58  Terran Infantry Weapons Level 1  
  67  7:00  Supply Depot  
  67  7:10  Combat Shields  
  53  7:40  Marine x2  
  53  7:41  Marauder, Marine x2  
  53  7:42  Widow Mine x2  
  61  7:45  Medivac x2  
  65  7:52  Barracks  
  65  7:58  Marine x2  
  66  7:59  Marine  
  66  8:04  Liberator x2  
  68  8:10  Command Center  
  68  8:19  Widow Mine x2  
  78  8:31  Supply Depot  
  78  8:39  Barracks Reactor  
  78  8:42  Marine x2  
  78  8:53  Marine x3  
  81  8:59  Marine x2  
  83  9:10  Marine x3  
  84  9:17  Marine  
  84  9:24  Medivac  
  84  9:25  Medivac  
  88  9:31  Marine  
  88  9:32  Marine x2  
  88  9:33  Orbital Command  
Show
View Real Time Build Order
Export as new Build Order

Nickos Terran 

Build Orders:  

Get SALT Encoding   

  12  0:00  SCV  
  13  0:13  SCV  
  14  0:17  Supply Depot  
  14  0:25  SCV  
  15  0:39  SCV  
  15  0:40  Barracks  
  16  0:51  SCV  
  17  1:03  SCV  
  18  1:15  SCV  
  19  1:21  Command Center  
  19  1:31  Orbital Command  
  19  1:33  Marine  
  20  1:42  Supply Depot  
  20  2:03  Barracks  
  20  2:05  Marine  
  20  2:07  SCV  
  20  2:08  Barracks  
  21  2:19  Refinery  
  21  2:20  SCV  
  22  2:24  Marine  
  23  2:32  SCV  
  23  2:33  Orbital Command  
  24  2:42  Marine  
  24  2:43  Bunker  
  25  2:45  SCV  
  26  2:53  Marine  
  26  3:00  Marine  
  26  3:04  Marine  
  28  3:10  Marine  
  29  3:17  Orbital Command  
  29  3:18  Marine  
  30  3:22  Marine  
  31  3:28  Marine  
  32  3:36  Marine  
  32  3:38  Bunker  
  32  3:40  Marine  
  32  3:46  Marine  
  32  3:53  Marine  
  31  3:58  Marine  
  30  4:04  Marine  
  31  4:11  Marine  
  31  4:13  SCV x2  
  34  4:21  Bunker  
  34  4:28  Marine x2  
  34  4:29  Marine  
  37  4:32  SCV x2  
  37  4:34  Bunker  
  37  4:37  Factory  
  39  4:46  Marine x2  
  39  4:47  Marine  
  39  4:48  Refinery  
  42  4:58  SCV x2  
  44  5:03  Supply Depot  
  44  5:04  Supply Depot, Marine  
  44  5:05  Supply Depot  
  45  5:16  Barracks Tech Lab  
  43  5:43  Marine x3  
  43  5:44  Orbital Command  
  45  5:56  Factory Reactor  
  45  5:58  Starport  
  45  6:03  Engineering Bay  
  45  6:04  Engineering Bay  
  47  6:05  Barracks, Barracks Reactor  
  45  6:12  Barracks Reactor  
  45  6:17  SCV x2  
  49  6:26  Marauder  
  49  6:29  SCV  
  50  6:35  Missile Turret  
  50  6:42  Barracks  
  50  6:43  Terran Infantry Weapons Level 1  
  50  6:45  SCV  
  50  6:46  SCV  
  52  6:47  Marine x3  
  55  6:58  SCV  
  56  7:02  Marine  
  57  7:14  Marine x3  
  52  7:30  Marine x2  
  52  7:31  Marine x2  
  52  7:35  Marine x2  
  52  7:36  Medivac  
  59  7:37  Orbital Command  
  59  7:41  SCV  
  60  7:48  Marine x2  
  62  7:58  SCV  
  62  8:17  Marine x3  
  62  8:18  Marine  
  66  8:26  Medivac  
  68  8:30  Barracks Reactor  
  68  8:38  SCV x2  
  70  8:57  SCV x2  
  66  9:16  Marine x2  
  66  9:17  Marine  
  51  9:19  Marine x3  
  51  9:20  Marine  
  51  9:21  SCV  
  51  9:22  SCV  
  52  9:26  Medivac  
  54  9:33  SCV  
  54  9:34  Missile Turret, Marine x3  
  58  9:42  Armory  
  45  10:03  Factory Tech Lab  
Tags
 
Composition
MMM Bio
Matchup
TvT
Race
Terran
Replay Pack
Nickos replay
Add a new tag
Caveats
  • Supply blocks, unpowered buildings, or Contaminate may cause inaccurate times.
  • Supply counts are checked every 10 seconds.